 Dungeon Crawl Stone Soup version 0.13-a0-2776-g5b28ffd (webtiles) character file.

1897 4tharraofdagon the Magician (level 8, -13/57 HPs)
             Began as a Demigod Fire Elementalist on Aug 24, 2013.
             Mangled by a polar bear (shapeshifter) (15 damage)
             ... on Level 11 of the Dungeon.
             The game lasted 00:13:33 (2330 turns).

4tharraofdagon the Magician (DgFE)                  Turns: 2330, Time: 00:13:34

HP -13/57        AC  4     Str 12      XL: 8   Next: 45%
MP  17/24        EV 12     Int 22      God:
Gold 192         SH  0     Dex 18      Spells:  3 memorised, 12 levels left

Res.Fire  : . . .   See Invis. : .   m - +0,+1 morningstar
Res.Cold  : . . .   Warding    : .   a - +0 robe
Life Prot.: . . .   Conserve   : .   (no shield)
Res.Poison: .       Res.Corr.  : .   j - +0 dwarf helmet
Res.Elec. : .       Clarity    : .   (no cloak)
Sust.Abil.: . .     Spirit.Shd : .   (no gloves)
Res.Mut.  : .       Stasis     : .   y - +0 pair of boots
Res.Rott. : .       Flight     : .   (no amulet)
Saprovore : . . .                    (no ring)
                                     n - ring of protection from magic {unknown}

@: quite resistant to hostile enchantments, fairly stealthy
A: no striking features
a: no special abilities


You were on level 11 of the Dungeon.
You were not hungry.

You visited 1 branch of the dungeon, and saw 11 of its levels.

You collected 172 gold pieces.

Inventory:

Hand weapons
 d - a +0,+0 club (quivered)
 f - a +3,+2 orcish whip
 m - a +0,+1 morningstar (weapon)
 q - a +1,+3 orcish flail
Missiles
 w - 7 javelins
Armour
 a - a +0 robe (worn)
 j - a +0 dwarven helmet (worn)
 y - a +0 pair of boots (worn)
Magical devices
 i - a wand of disintegration (0)
 k - a wand of flame (12)
 t - a wand of magic darts (12)
 v - a wand of teleportation (0)
Comestibles
 c - 3 bread rations
 g - a chunk of black bear flesh
 h - an apple
 o - a choko
 A - 2 rotting chunks of giant frog flesh
Scrolls
 e - 2 scrolls of remove curse {unknown}
Jewellery
 n - a ring of protection from magic (left hand) {unknown}
 p - an uncursed amulet of resist mutation {unknown}
Books
 b - a book of Flames

   Spells                             Type                      Level
   *Flame Tongue                      Conjuration/Fire             1
   Throw Flame                        Conjuration/Fire             2
   *Conjure Flame                     Conjuration/Fire             3
   Inner Flame                        Hexes/Fire                   3
   *Sticky Flame                      Conjuration/Fire             4
   Fireball                           Conjuration/Fire             5


   Skills:
 - Level 1.7 Dodging
 - Level 1.7 Stealth
 * Level 6.6 Spellcasting
 + Level 5.1 Conjurations
 + Level 5.8 Fire Magic


You had 12 spell levels left.
You knew the following spells:

 Your Spells              Type           Power        Failure   Level  Hunger
a - Flame Tongue          Conj/Fire      ####.        1%          1    None
b - Conjure Flame         Conj/Fire      ####....     2%          3    #......
c - Sticky Flame          Conj/Fire      ####....     12%         4    ###....


Dungeon Overview and Level Annotations

Branches:
Dungeon (11/27)
 Temple: D:4-7          Orc: D:6-11        Lair: D:8-13


Message History

n - an encrusted steel ring Put on which piece of jewellery? (? for menu, Esc to quit)
n - an encrusted steel ring (left hand) {tried} Read which item? (? for menu, Esc to quit)
As you read the scroll of fear, it crumbles to dust.
You assume a fearsome visage.
The crocodile looks frightened!
The elephant looks frightened!
The polar bear looks frightened!
You hear the stately tolling of a bell, a long way away.
You closely miss the polar bear. The polar bear bites you!
* * * LOW HITPOINT WARNING * * *
The polar bear barely misses you.
The polar bear claws you but does no damage.
The polar bear bites you!
* * * LOW HITPOINT WARNING * * *
The polar bear claws you but does no damage.
Evoke which item? (* to show all) (? for menu, Esc to quit)
Zapping:
v - a wand of teleportation {zapped: 4}
Press: ? - help, Shift-Dir - straight line, f - you Nothing appears to happen.
The polar bear bites you!
You die...

#.......# #.......#
#########Y......#
...........t.....#
..................#
..................#
..................#
....$..............#
.......U@..........#
...................#
##################


You could see an elephant (fleeing), a polar bear and a crocodile (fleeing).

Vanquished Creatures
  2 yaks (D:11)
  2 spriggan skeletons (D:11)
  A black bear (D:11)
  2 phantoms
  A centaur (D:8)
  2 ogres
  3 giant frogs
  A water moccasin (D:9)
  A manticore zombie (D:10)
  A wight (D:6)
  A troll skeleton (D:11)
  A goliath beetle (D:10)
  2 hounds
  An orc priest (D:6)
  2 worker ants
  A scorpion (D:9)
  3 adders
  A giant mite (D:3)
  3 orcs
  7 bats
  A bat zombie (D:5)
  2 giant cockroaches (D:8)
  3 hobgoblins
  4 jackals (D:8)
  A quokka (D:9)
  A giant newt (D:2)
  3 goblins
  A hobgoblin zombie (D:5)
  A kobold (D:2)
  5 rats
  A rat skeleton (D:6)
61 creatures vanquished.

Notes
Turn   | Place    | Note
--------------------------------------------------------------
     0 | D:1      | 4tharraofdagon, the Demigod Fire Elementalist, began the quest for the Orb.
     0 | D:1      | Reached XP level 1. HP: 14/14 MP: 5/5
   121 | D:2      | Reached skill level 1 in Conjurations
   141 | D:2      | Reached skill level 3 in Fire Magic
   141 | D:2      | Reached XP level 2. HP: 11/20 MP: 2/6
   451 | D:5      | Entered Level 5 of the Dungeon
   565 | D:5      | Reached XP level 3. HP: 26/26 MP: 6/9
   570 | D:5      | Learned a level 3 spell: Conjure Flame
   611 | D:5      | Noticed a centaur
   872 | D:6      | Reached XP level 4. HP: 15/33 MP: 6/12
   964 | D:6      | Noticed a phantom
   977 | D:6      | Killed a phantom
   977 | D:6      | Reached XP level 5. HP: 29/38 MP: 9/14
  1002 | D:6      | Learned a level 4 spell: Sticky Flame
  1547 | D:8      | Reached skill level 4 in Fire Magic
  1547 | D:8      | Reached XP level 6. HP: 24/45 MP: 13/18
  1598 | D:8      | Noticed a phantom
  1621 | D:8      | Killed a phantom
  1635 | D:8      | Noticed an ogre
  1767 | D:8      | Noticed an ogre
  1777 | D:8      | Killed an ogre
  1777 | D:8      | Reached XP level 7. HP: 35/50 MP: 14/20
  1963 | D:9      | Reached skill level 5 in Spellcasting
  2034 | D:10     | Entered Level 10 of the Dungeon
  2091 | D:10     | Reached skill level 5 in Fire Magic
  2221 | D:11     | Reached XP level 8. HP: 38/57 MP: 19/23
  2231 | D:11     | Reached skill level 6 in Spellcasting
  2245 | D:11     | Noticed a yak
  2245 | D:11     | Noticed a yak
  2246 | D:11     | Noticed a yak
  2246 | D:11     | Noticed a yak
  2268 | D:11     | Killed a yak
  2284 | D:11     | Noticed a yak
  2284 | D:11     | Noticed a yak
  2285 | D:11     | Noticed a yak
  2293 | D:11     | Killed a yak
  2293 | D:11     | Reached skill level 5 in Conjurations
  2296 | D:11     | Noticed a yak
  2308 | D:11     | Noticed an elephant
  2322 | D:11     | Noticed a polar bear
  2329 | D:11     | HP: 2/57 [polar bear (shapeshifter) (15)]
  2330 | D:11     | Mangled by a polar bear (shapeshifter)

Action                   |  1- 3 |  4- 6 |  7- 9 || total
-------------------------+-------+-------+-------++-------
Melee: Unarmed           |    27 |       |       ||    27
       Whip              |     7 |       |       ||     7
       Club              |     3 |       |       ||     3
       Flail             |       |    10 |       ||    10
       Morningstar       |       |     8 |    36 ||    44
 Cast: Flame Tongue      |    31 |    41 |    22 ||    94
       Conjure Flame     |       |     3 |     7 ||    10
       Sticky Flame      |       |     3 |     9 ||    12
Evoke: Wand              |     6 |     4 |     8 ||    18
  Use: Scroll            |     1 |     1 |     7 ||     9
       Potion            |       |     1 |     2 ||     3
 Stab: Sleeping          |       |     1 |       ||     1
